Map: Ruins of Endion

Players

Agamendon - Winner!

  • Race: Protoss Protoss
  • League: Bronze
  • Spawn Location: 5:00

Fropez

  • Race: Protoss Protoss
  • League: Silver
  • Spawn Location: 7:00

VOD

Have the link to the VOD?

Description

Time

  • Played on: May 16, 2016, 3:30 p.m.
  • Length: 8:59
Show
View Real Time Build Order
Export as new Build Order

Agamendon Protoss - Winner!

Build Orders:  

Get SALT Encoding   

  12  0:02  Probe (Chrono Boost)  
  13  0:20  Pylon  
  13  0:21  Probe (Chrono Boost)  
  14  0:32  Probe (Chrono Boost)  
  16  0:43  Probe (Chrono Boost)  
  16  0:46  Gateway  
  16  0:53  Probe (Chrono Boost)  
  17  1:02  Assimilator  
  17  1:04  Probe (Chrono Boost)  
  18  1:32  Assimilator  
  18  1:37  Cybernetics Core  
  18  1:42  Probe (Chrono Boost)  
  19  1:53  Probe (Chrono Boost)  
  20  2:03  Nexus, Probe (Chrono Boost)  
  20  2:08  Assimilator  
  21  2:13  Assimilator  
  21  2:14  Probe (Chrono Boost)  
  22  2:21  Warp Gate (Chrono Boost)  
  22  2:33  Robotics Facility  
  22  2:38  Probe  
  23  2:47  Pylon  
  23  3:01  Gateway  
  23  3:05  Probe  
  24  3:14  Probe  
  24  3:18  Probe  
  26  3:25  Probe  
  27  3:28  Immortal (Chrono Boost)  
  27  3:30  Probe  
  32  3:36  Probe  
  32  3:38  Stalker (Chrono Boost)  
  34  3:42  Probe  
  31  4:33  Stalker x2  
  31  4:37  Warp Prism  
  35  4:45  Probe  
  38  4:46  Probe  
  39  4:57  Probe  
  39  4:58  Probe  
  41  5:00  Stalker x2  
  45  5:09  Probe  
  46  5:19  Pylon  
  46  5:21  Pylon  
  46  5:32  Immortal  
  46  5:35  Pylon  
  46  5:37  Probe x2  
  52  5:45  Stalker x2  
  58  5:50  Probe x2  
  58  6:02  Probe x2  
  60  6:09  Immortal  
  60  6:14  Probe  
  65  6:22  Stalker x2  
  65  6:31  Stalker  
  65  6:32  Stalker  
  39  7:20  Stalker  
  39  7:21  Stalker  
  36  7:33  Probe  
  37  7:45  Probe  
  37  7:46  Stalker x2  
  42  7:55  Immortal  
  42  7:57  Probe  
  47  8:07  Forge  
  47  8:09  Probe  
  47  8:12  Stalker x2  
  46  8:22  Probe  
Show
View Real Time Build Order
Export as new Build Order

Fropez Protoss 

Build Orders:  

Get SALT Encoding   

  12  0:01  Probe (Chrono Boost)  
  13  0:17  Pylon  
  13  0:27  Probe (Chrono Boost)  
  14  0:38  Gateway  
  14  0:40  Probe (Chrono Boost)  
  15  0:51  Pylon  
  15  0:53  Assimilator  
  15  0:57  Probe (Chrono Boost)  
  16  1:03  Assimilator  
  16  1:11  Pylon  
  16  1:31  Probe (Chrono Boost), Cybernetics Core  
  17  1:41  Probe (Chrono Boost)  
  18  1:57  Probe (Chrono Boost)  
  21  2:08  Mothership Core (Chrono Boost)  
  21  2:09  Pylon, Warp Gate (Chrono Boost)  
  21  2:21  Stalker  
  23  2:26  Probe (Chrono Boost)  
  24  2:38  Probe  
  25  2:50  Probe  
  26  2:52  Stalker  
  28  3:02  Probe  
  29  3:06  Gateway  
  29  3:18  Pylon, Probe  
  30  3:31  Gateway  
  30  3:33  Probe  
  31  3:42  Pylon  
  31  3:46  Probe  
  32  3:58  Probe  
  33  4:09  Forge  
  33  4:10  Stalker  
  33  4:11  Pylon, Probe  
  34  4:28  Probe  
  33  4:37  Adept x2  
  35  4:40  Adept, Probe  
  35  4:43  Protoss Ground Weapons Level 1 (Chrono Boost)  
  38  4:55  Nexus  
  38  5:00  Adept  
  38  5:06  Adept  
  42  5:10  Adept  
  44  5:37  Adept x3  
  44  5:38  Probe  
  51  6:00  Probe  
  51  6:03  Pylon  
  52  6:05  Assimilator  
  52  6:06  Adept  
  52  6:08  Adept  
  52  6:09  Assimilator  
  56  6:11  Pylon  
  56  6:13  Adept  
  56  7:13  Probe, Stalker x3  
  56  7:14  Probe  
  46  7:39  Stalker  
  46  7:40  Stalker x2  
  50  7:47  Gateway  
  50  7:50  Photon Cannon  
  50  7:52  Pylon  
  47  8:07  Stalker x3  
  36  8:36  Stalker x2  
Tags
 
Matchup
PvP
Replay Pack
All Mines
Spawn Locations
Close Positions
Add a new tag
Caveats
  • Supply blocks, unpowered buildings, or Contaminate may cause inaccurate times.
  • Supply counts are checked every 10 seconds.